 Dungeon Crawl Stone Soup version 0.31.0-12-g77e489cdc1 (webtiles) character file.

Game seed: 7242410355144990696

5786 Cheops the Grappler (level 10, -10/83 HPs)
             Began as a Troll Shapeshifter on Feb 21, 2024.
             Was a Follower of Uskayaw.
             Shot with an arrow by a centaur warrior (29 damage)
             ... on level 10 of the Dungeon.
             The game lasted 00:33:57 (6940 turns).

Cheops the Grappler (Troll Shapeshifter)            Turns: 6940, Time: 00:33:57

Health: -10/83     AC:  4    Str: 32    XL:     10   Next: 50%
Magic:  19/19      EV: 10    Int:  6    God:    Uskayaw [*.....]
Gold:   292        SH:  5    Dex: 13    Spells: 9/9 levels left

rFire   + .          .
                       - Unarmed
rCold   . . .        (shield currently unavailable)
rNeg    . . .        u - +0 animal skin
rPois   .            (helmet restricted)
rElec   .            y - +1 cloak of Koloc {rF+ Dex+2}
rCorr   .            (gloves unavailable)
SInv    .            (boots unavailable)
Will    .....        q - amulet of reflection
Stlth   +            B - ring of magical power
HPRegen 1.13/turn    (no ring)
MPRegen 0.16/turn

%: reflection
@: blade hands
A: large, unfitting armour, (claws 3), regeneration 1, shaggy fur 1, tough skin
1
a: Begin Untransformation, Renounce Religion, Stomp


You were on level 10 of the Dungeon.
You worshipped Uskayaw.
Uskayaw was noncommittal.
You had blades for hands.
You visited 2 branches of the dungeon, and saw 11 of its levels.

You collected 628 gold pieces.
You spent 336 gold pieces at shops.

Inventory:

Missiles
 w - a throwing net (quivered)
Armour
 u - a +0 animal skin (worn)
 y - the +1 cloak of Koloc (worn) {rF+ Dex+2}
   (You found it on level 7 of the Dungeon)

   Dex+2:     It affects your dexterity (+2).
   rF+:       It protects you from fire.
Jewellery
 q - an amulet of reflection (around neck)
 B - a ring of magical power (left blade hand)
Talismans
 a - a beast talisman
 b - a flux talisman
 c - a serpent talisman
 d - the blade talisman of the Equinox (active) {Str+6}
   (You found it on level 9 of the Dungeon)

   [blade talisman]

   Str+6:     It affects your strength (+6).
Wands
 j - a wand of flame (26)
 v - a wand of mindburst (22)
Scrolls
 e - 4 scrolls of blinking
 f - 3 scrolls of amnesia {unknown}
 k - a scroll of revelation {unknown}
 l - 2 scrolls of fog
 o - 4 scrolls of teleportation
 p - 3 scrolls of fear
 t - 2 scrolls of immolation {unknown}
 x - a scroll of torment
 A - a scroll of enchant armour {unknown}
 D - a scroll of vulnerability {unknown}
 F - a scroll of enchant weapon {unknown}
Potions
 g - 2 potions of mutation
 h - a potion of cancellation
 i - 2 potions of invisibility
 m - a potion of enlightenment
 r - a potion of berserk rage
 s - 4 potions of brilliance
 z - a potion of curing
 C - 2 potions of lignification
 E - a potion of might {unknown}


   Skills:
 - Level 0.7 Fighting
 - Level 1.5 Dodging
 + Level 11.5 Unarmed Combat
 * Level 2.5 Invocations
 * Level 2.0 Evocations
 - Level 10.1 Shapeshifting


You had 9 spell levels left.
You didn't know any spells.
Your spell library contained the following spells:

 Spells                   Type           Power      Damage    Failure   Level
 Kiss of Death            Conj/Necr      0%         2d5       45%         1
 Magic Dart               Conj           0%         1d3       45%         1
 Summon Small Mammal      Summ           0%         N/A       45%         1
 Blink                    Tloc           0%         N/A       58%         2
 Call Imp                 Summ           0%         N/A       58%         2
 Static Discharge         Conj/Air       0%         3-3/arc   58%         2
 Sublimation of Blood     Necr           0%         N/A       58%         2
 Call Canine Familiar     Summ           0%         N/A       83%         3
 Confusing Touch          Hex            0%         N/A       83%         3
 Dispel Undead            Necr           0%         3d6       99%         4
 Petrify                  Alch/Erth      0%         N/A       99%         4
 Summon Blazeheart Golem  Fire/Summ      0%         N/A       99%         4
 Freezing Cloud           Conj/Ice/Air   0%         6-21      100%        5
 Irradiate                Conj/Alch      0%         3d11      100%        5
 Spellforged Servitor     Conj/Summ      0%         N/A       100%        7


Dungeon Overview and Level Annotations

Branches:
Dungeon (10/15)            Temple (1/1) D:6            Lair (0/5) D:9
    Orc: D:9-12

Altars:
Ashenzari
Cheibriados
Dithmenos
Elyvilon
Fedhas
Gozag
Hepliaklqana
Kikubaaqudgha
Makhleb
Nemelex Xobeh
Okawaru
Qazlal
Ru
Sif Muna
Trog
Uskayaw
Vehumet
Wu Jian
Xom
Yredelemnul
Zin
The Shining One

Shops:
D:3 ?   D:5 *

Annotations:
D:4 dig
D:7 2 transporters
D:8 1 runed translucent door, peterlawrence's ghost, novice MiFi


Innate Abilities, Weirdness & Mutations

You have blades for hands.
You are incapable of wielding weapons or throwing items.
You are too large for most types of armour.
((You have claws for hands.))
Your natural rate of healing is unusually fast.
You are covered in fur. (AC +1)
You have tough skin. (AC +1)


Message History

You slice the fire bat!!
You kill the fire bat!
The centaur shoots an arrow.
The arrow hits you!
* * * LOW HITPOINT WARNING * * *
Your Evocations skill increases to level 2!
Unknown command.
Unknown command.
The centaur unwields a +0 shortbow.
The centaur hits you but does no damage.
The centaur kicks you.
* * * LOW HITPOINT WARNING * * *
The centaur barely misses you. x2
Unknown command.
Unknown command.
Unknown command.
Unknown command.
Unknown command.
Unknown command.
As you read the scroll of teleportation, it crumbles to dust.
You feel strangely unstable. You block the centaur's attack.
The centaur closely misses you.
Unknown command.
You barely miss the centaur. The centaur hits you.
* * * LOW HITPOINT WARNING * * *
You block the centaur's attack.
You barely miss the centaur. The centaur hits you.
* * * LOW HITPOINT WARNING * * *
The centaur kicks you but does no damage.
Unknown command.
Unknown command.
You completely miss the centaur.
Your surroundings suddenly seem different.
A vampire, a centaur warrior and a centaur come into view.
Found 10 stones.
The centaur warrior shouts!
The centaur shouts!
You block the centaur's attack. The centaur kicks you.
* * * LOW HITPOINT WARNING * * *
The centaur warrior wields a +0 orcbow.
The centaur warrior shoots an arrow.
The arrow hits you!!
You die...

# ≈ # ##..
.### ##
##..# ...#§
.
#...##...#≈
.#
#........##
.#
##.........#
#..........#
#.......V.#
#...@.#
+..cc###
#..## §§# +(
#≈ ### # ##


You could see a centaur warrior, a vampire and a centaur.

Vanquished Creatures
  A komodo dragon (D:9)
  A hornet (D:9)
  Sigmund (D:3)
  2 wyverns (D:9)
  A wraith (D:7)
  A fire bat (D:10)
  7 yaks
  Menkaure (D:6)
  3 water moccasins
  5 orc warriors
  3 black bears
  2 sky beasts (D:8)
  An ice beast (D:7)
  3 centaurs
  2 phantoms
  4 kobold brigands
  2 bullfrogs (D:8)
  3 scorpions
  8 killer bees
  A howler monkey (D:6)
  2 hounds
  3 bombardier beetles
  3 jellies
  3 orc priests
  A sleepcap (D:3)
  3 iguanas
  6 orc wizards
  4 gnolls
  9 adders
  A shadow imp (D:6)
  A white imp (D:6)
  3 ribbon worms
  3 dart slugs (D:1)
  30 orcs
  10 ball pythons
  9 endoplasms
  4 giant cockroaches
  6 hobgoblins
  4 jackals (D:1)
  4 quokkas
  A bat (D:1)
  3 frilled lizards
  8 goblins
  17 kobolds
  6 rats
196 creatures vanquished.

Notes
Turn   | Place    | Note
-------+----------+-------------------------------------------
     0 | D:1      | Cheops the Troll Shapeshifter began the quest for the Orb.
     0 | D:1      | Reached XP level 1. HP: 18/18 MP: 0/0
   108 | D:1      | Reached XP level 2. HP: 26/26 MP: 1/1
   327 | D:1      | Reached XP level 3. HP: 32/32 MP: 2/2
   463 | D:1      | Found a faded altar of an unknown god.
  1081 | D:2      | Reached XP level 4. HP: 40/40 MP: 3/3
  1606 | D:3      | Found Vaqe's Magic Scroll Shop.
  1624 | D:3      | Bought a scroll of identify for 24 gold pieces
  1624 | D:3      | Bought a scroll of teleportation for 36 gold pieces
  1624 | D:3      | Bought a scroll of fear for 48 gold pieces
  1663 | D:3      | Noticed Sigmund
  1679 | D:3      | Killed Sigmund
  1680 | D:3      | Reached skill level 4 in Unarmed Combat
  1680 | D:3      | Reached skill level 5 in Shapeshifting
  1680 | D:3      | Reached XP level 5. HP: 26/46 MP: 4/4
  1757 | D:3      | Reached XP level 6. HP: 11/54 MP: 5/5
  2043 | D:3      | Bought a scroll of fog for 48 gold pieces
  2185 | D:4      | Noticed a water moccasin
  2202 | D:4      | Reached skill level 5 in Unarmed Combat
  2307 | D:3      | Reached XP level 7. HP: 54/61 MP: 6/6
  2694 | D:5      | Entered Level 5 of the Dungeon
  2835 | D:5      | Found Lautrua's Assorted Antiques.
  2967 | D:5      | Reached skill level 6 in Unarmed Combat
  3197 | D:6      | Noticed Menkaure
  3215 | D:6      | Killed Menkaure
  3216 | D:6      | Reached XP level 8. HP: 51/68 MP: 7/7
  3237 | D:6      | Reached skill level 7 in Unarmed Combat
  3523 | D:6      | Found a staircase to the Ecumenical Temple.
  3528 | D:6      | Reached skill level 8 in Unarmed Combat
  3536 | Temple   | Entered the Ecumenical Temple
  3547 | Temple   | Became a worshipper of Uskayaw the Reveller
  3706 | D:6      | Identified the +5 dagger "Ebbiutea" {heavy, rN+}
  3725 | D:6      | Reached * piety under Uskayaw
  3730 | D:6      | Reached ** piety under Uskayaw
  3740 | D:6      | Reached *** piety under Uskayaw
  3927 | D:3      | Bought 2 scrolls of blinking for 180 gold pieces
  4010 | D:7      | Found a shadowy altar of Dithmenos.
  4038 | D:7      | Found a transporter.
  4045 | D:7      | Noticed a kobold demonologist
  4052 | D:7      | Noticed an orc sorcerer
  4106 | D:7      | Found a transporter.
  4215 | D:7      | Identified the +1 cloak of Koloc {rF+ Dex+2}
  4235 | D:7      | Reached skill level 9 in Unarmed Combat
  4235 | D:7      | Reached XP level 9. HP: 75/75 MP: 8/8
  4592 | D:7      | Found a shimmering blue altar of Sif Muna.
  4655 | D:7      | Found an ornate altar of the Wu Jian Council.
  5427 | D:8      | Got the Meditations on the Jinx and Assaults
  5456 | D:8      | Reached skill level 10 in Unarmed Combat
  5461 | D:8      | Reached **** piety under Uskayaw
  5471 | D:8      | Reached ***** piety under Uskayaw
  5677 | D:8      | Found a bloodstained altar of Trog.
  5684 | D:8      | Found a stormy altar of Qazlal.
  5755 | D:8      | Found a runed translucent door.
  5755 | D:8      | Found a shimmering altar of Xom.
  5755 | D:8      | Noticed a +2 mace of chaos
  5755 | D:8      | Noticed peterlawrence's ghost (novice MiFi)
  5887 | D:9      | Found a staircase to the Lair.
  5887 | D:9      | Noticed a komodo dragon
  6008 | D:9      | Reached skill level 11 in Unarmed Combat
  6011 | D:9      | Reached XP level 10. HP: 20/83 MP: 9/9
  6140 | D:9      | Identified the blade talisman of the Equinox {Str+6}
  6310 | D:9      | Reached skill level 10 in Shapeshifting
  6534 | D:10     | Entered Level 10 of the Dungeon
  6641 | D:10     | Reached skill level 1 in Invocations
  6646 | D:10     | Reached skill level 1 in Evocations
  6655 | D:10     | Reached ****** piety under Uskayaw
  6940 | D:10     | Noticed a centaur warrior
  6940 | D:10     | Shot with an arrow by a centaur warrior

Illustrated notes

Levels and vault maps discovered:
D:1:      giann_forest_graveyard, layout_loops_ring,
          dreamdust_ecumenical_altar_hidden_monk_grotto
D:2:      cheibrodos_old_hovel, layout_loops_ring, dk_noncrumbling_2
D:3:      layout_rooms, serial_shops, nicolae_shop_hallway_plus, uniq_sigmund
D:4:      layout_gridville, lightli_corner_chamber
D:5:      layout_cave_pools, serial_shops, shop
D:6:      minmay_evil_eye, layout_basic, temple_hall, uniq_menkaure
D:7:      gammafunk_wand_slinger, layout_basic, mainiacjoe_overflow_two_lobes,
          mainiacjoe_overflow_brackets
D:8:      layout_loops_corners, jmf_multi_god_temple2, ebering_ghost_xom
D:9:      layout_rooms, david_lair_shrubbed, lightli_orcish_oven
D:10:     regret_index_infernal_bastille, layout_loops_ring, uniq_urug
Temple:   bh_familiar_temple

Skill      XL: |  1  2  3  4  5  6  7  8  9 10 |
---------------+-------------------------------+-----
Shapeshifting  | 4 5 6 7 8 9 10 | 10.1
Unarmed Combat | 4 5 6 9 11 | 11.5
Invocations    | 2 |  2.5
Evocations     | 2 |  2.0
Fighting       | |  0.7
Dodging        | |  1.5

Action                     |  1- 3 |  4- 6 |  7- 9 | 10-12 || total
---------------------------+-------+-------+-------+-------++-------
  Melee: Unarmed           |    92 |    80 |   271 |    96 ||   539
         Punch             |     1 |     1 |     1 |     6 ||     9
         Constrict         |       |       |     3 |       ||     3
Ability: Begin Untransform |     1 |     1 |     5 |     1 ||     8
    Use: Scroll            |       |     2 |     7 |     2 ||    11
         Potion            |       |     2 |     1 |     1 ||     4
   Stab: Paralysed         |       |       |     6 |     1 ||     7
 Armour: Animal skin       |    44 |    67 |     5 |    66 ||   182
         Skin              |       |       |   150 |     2 ||   152
  Dodge: Dodged            |    35 |    34 |   157 |    33 ||   259
  Block: Other             |       |     9 |    51 |    23 ||    83
         Reflection        |       |     1 |     2 |     2 ||     5
   Form: Beast             |     1 |     1 |       |       ||     2
         Flux              |       |       |     5 |       ||     5
         Serpent           |       |       |     1 |       ||     1
         Blade             |       |       |       |     2 ||     2
